 Dungeon Crawl Stone Soup version 0.29.1-12-g30fa7ad0bf (webtiles) character file.

Game seed: 15321516428721248301

1428 cheesebisquit the Geomancer (level 8, -10/61 HPs)
             Began as a Gargoyle Earth Elementalist on Jan 15, 2023.
             Mangled by an orc warrior
             ... wielding a +3 dire flail
              (11 damage)
             ... on level 5 of the Dungeon.
             The game lasted 00:24:29 (5593 turns).

cheesebisquit the Geomancer (GrEE)                  Turns: 5593, Time: 00:24:29

Health: -10/61     AC: 24    Str: 18    XL:     8   Next: 72%
Magic:  14/17      EV:  2    Int: 18    God:
Gold:   264        SH:  0    Dex: 10    Spells: 15/19 levels left

rFire   . . .      SeeInvis .   (no weapon)
rCold   . . .      Faith    .   (no shield)
rNeg    + . .      Spirit   .   (body armour currently unavailable)
rPois   ∞          Reflect  .   (helmet currently unavailable)
rElec   .          Harm     .   (cloak currently unavailable)
rCorr   .          Rampage  .   (gloves currently unavailable)
Will    .....      NoTele   +   (boots currently unavailable)
Stlth   ++........              (no amulet)
HPRegen 0.20/turn               n - ring of wizardry
MPRegen 0.15/turn               t - +6 ring of strength

@: mighty, tree-form
A: stationary, stasis, torment immunity, boosted hp, sickness immunity, AC +5,
negative energy resistance 1, (electricity resistance), torment resistance 1,
petrification resistance
a: no special abilities


You were on level 5 of the Dungeon.
You were a tree.
You visited 1 branch of the dungeon, and saw 6 of its levels.

You collected 264 gold pieces.

Inventory:

Hand Weapons
 r - a +0 flail
Armour
 f - a +0 leather armour
 k - a +0 pair of gloves (melded)
 o - the +1 helmet of Paitum (melded) {rElec rCorr Str+6 Dex-3}
   (You found it on level 2 of the Dungeon)

   Str:       It affects your strength (+6).
   Dex:       It affects your dexterity (-3).
   rElec:     It insulates you from electricity.
   rCorr:     It protects you from acid and corrosion.
 p - a +0 cloak (melded)
 q - a +0 scale mail of fire resistance (melded)
 y - a +0 pair of boots (melded)
Jewellery
 n - a ring of wizardry (left branch)
 t - a +6 ring of strength (right branch)
 A - a +4 ring of evasion
Wands
 v - a wand of acid (2)
 x - a wand of polymorph (3)
Scrolls
 c - 3 scrolls of teleportation
 e - 2 scrolls of noise
 i - a scroll of brand weapon {unknown}
 j - 3 scrolls of amnesia
 l - a scroll of identify {unknown}
 s - a scroll of silence {unknown}
 w - a scroll of vulnerability {unknown}
Potions
 a - a potion of flight {unknown}
 b - a potion of might
 d - a potion of attraction {unknown}
 g - 2 potions of lignification
 h - 2 potions of curing {unknown}
 m - 2 potions of invisibility {unknown}
 u - a potion of ambrosia {unknown}
 z - a potion of degeneration {unknown}


   Skills:
 - Level 1.5 Dodging
 - Level 2.1 Stealth
 + Level 6.1 Spellcasting
 + Level 5.7 Conjurations
 - Level 0.7 Transmutations
 + Level 8.4 Earth Magic


You had 15 spell levels left.
You knew the following spells:

 Your Spells              Type           Power      Damage    Failure   Level
a - Sandblast             Erth           70%        2d15      1%          1
b - Stone Arrow           Conj/Erth      62%        3d10      1%          3

Your spell library contained the following spells:

 Spells                   Type           Power      Damage    Failure   Level
 Passwall                 Tmut/Erth      17%        N/A       1%          2
 Petrify                  Tmut/Erth      21%        N/A       8%          4
 Olgreb's Toxic Radiance  Pois           5%         N/A       41%         4
 Ozocubu's Refrigeration  Ice            2%         4d8       100%        7
 Ignition                 Fire           2%         3d3       100%        8


Dungeon Overview and Level Annotations

Branches:
Dungeon (6/15)
 Temple: D:4-7

Altars:

Shops:
D:2 *


Innate Abilities, Weirdness & Mutations

You are a tree.
Your roots penetrate the ground, keeping you stationary.
You cannot be teleported.
You are immune to unholy pain and torment.
Your maximum health is greatly increased.
Your equipment is partially melded.
You are immune to sickness and miasma.
((Your stone body is resilient. (AC +5)))
You are immune to poison.
You resist negative energy. (rN+)
((You are resistant to electric shocks. (rElec)))
You are resistant to unholy torment.
You are immune to petrification.


Message History

The orc warrior is severely wounded.
The orc closely misses you. The orc warrior barely misses you.
The orc hits you but does no damage.
The orc warrior hits you with a +3 dire flail.
The blast of sand hits the orc warrior but does no damage.
The orc warrior is severely wounded.
The orc warrior hits you but does no damage.
The orc hits you but does no damage.
The orc warrior hits you with a +3 dire flail!!
* * * LOW HITPOINT WARNING * * *
The orc hits you but does no damage.
You climb upwards.
There is a stone staircase leading down here.
It was a potion of lignification.
You turn into a tree.
Your +0 cloak melds into your body.
The +1 helmet of Paitum {rElec rCorr Str+6 Dex-3} melds into your body.
Your +0 pair of gloves melds into your body.
Your +0 pair of boots melds into your body.
Your +0 scale mail of fire resistance melds into your body.
You feel less resistant to fire.
Your roots penetrate the ground.
The orc hits you but does no damage.
The orc warrior hits you with a +3 dire flail.
* * * LOW HITPOINT WARNING * * *
You are now empty-handed.
You hit the orc warrior but do no damage.
The orc warrior is severely wounded.
The orc hits you but does no damage. The orc warrior barely misses you.
You cannot move.
There's something in the way.
You barely miss the orc warrior.
The orc warrior is severely wounded.
The orc hits you with a +0 hand axe.
* * * LOW HITPOINT WARNING * * *
The orc warrior hits you with a +3 dire flail!
* * * LOW HITPOINT WARNING * * *
It was a potion of might.
You feel very mighty all of a sudden. The orc hits you but does no damage.
The orc warrior hits you with a +3 dire flail!
You die...

#....'.....##.#####
#....#.###.##.#
#......###.##.######
#....#.....<....#...
###...........#.#...
#...........#.....
#.#####...........
#o# #......##.##
#♣#####......##.#
###.o.............#
#.............###.#
#.#.#####....## #.#
#.#.#####..#.####.##
#.#.#..........##..#
#.#.#..........##..#
#.#.#..........##..#
#.#.#..........##..#


You could see an orc warrior and an orc.

Vanquished Creatures
  A hornet (D:5)
  An ice beast (D:5)
  2 ogres (D:5)
  A sky beast (D:4)
  A phantom (D:4)
  3 scorpions (D:5)
  3 wights (D:4)
  4 orc priests
  An iguana (D:4)
  Natasha (thrice) (D:3)
  2 orc wizards
  Robin (D:3)
  5 adders
  A white imp (D:5)
  An ufetubus (D:5)
  3 worms
  5 dart slugs
  22 orcs
  6 bats
  8 endoplasms
  2 giant cockroaches
  9 goblins
  8 hobgoblins
  6 jackals
  5 kobolds
  4 quokkas
  11 ball pythons
  3 frilled lizards (D:2)
  4 rats
126 creatures vanquished.

Notes
Turn   | Place    | Note
-------+----------+-------------------------------------------
     0 | D:1      | cheesebisquit the Gargoyle Earth Elementalist began the
                  | quest for the Orb.
     0 | D:1      | Reached XP level 1. HP: 10/10 MP: 3/3
   166 | D:1      | Reached skill level 4 in Earth Magic
   166 | D:1      | Reached XP level 2. HP: 15/15 MP: 3/5
   913 | D:2      | Reached XP level 3. HP: 19/19 MP: 3/6
  1506 | D:2      | Found Meyth's General Store.
  1508 | D:2      | Found a faded altar of an unknown god.
  1521 | D:2      | Reached XP level 4. HP: 24/24 MP: 3/8
  1522 | D:2      | Identified the +1 helmet of Paitum {rElec rCorr Str+6
                  | Dex-3}
  1900 | D:2      | Learned a level 3 spell: Stone Arrow
  1925 | D:3      | Noticed Natasha
  2014 | D:3      | Reached skill level 5 in Earth Magic
  2282 | D:3      | Reached XP level 5. HP: 28/28 MP: 7/10
  2291 | D:3      | Reached skill level 1 in Conjurations
  2811 | D:3      | Noticed Robin
  2815 | D:3      | Killed Robin
  2939 | D:3      | Reached XP level 6. HP: 32/32 MP: 8/11
  3046 | D:3      | Killed Natasha
  3155 | D:3      | Noticed Natasha
  3160 | D:3      | Killed Natasha
  3161 | D:3      | Reached skill level 6 in Earth Magic
  3202 | D:3      | Noticed Natasha
  3206 | D:3      | Killed Natasha
  3412 | D:4      | Reached XP level 7. HP: 32/36 MP: 5/13
  4281 | D:4      | Reached skill level 7 in Earth Magic
  4465 | D:5      | Entered Level 5 of the Dungeon
  4479 | D:5      | Reached skill level 5 in Spellcasting
  4606 | D:5      | Noticed a hornet
  4613 | D:5      | Killed a hornet
  4614 | D:5      | Reached XP level 8. HP: 41/41 MP: 9/16
  4899 | D:5      | Reached skill level 5 in Conjurations
  4965 | D:5      | Reached skill level 8 in Earth Magic
  5592 | D:5      | HP: 1/61 [orc warrior/+3 dire flail (9)]
  5593 | D:5      | Mangled by an orc warrior

Illustrated notes

Levels and vault maps discovered:
D:1:      dpeg_arrival_rhombus, layout_basic, serial_corexii_hall,
          corexii_hall_statues_s, corexii_hall_statues_s
D:2:      layout_loops_ring, hellmonk_ecumenical_altar_run_dry, serial_shops,
          nicolae_shop_window_shopping
D:3:      cheibrodos_pilgrimage, layout_basic, uniq_natasha, uniq_robin
D:4:      layout_gridville
D:5:      layout_basic
D:6:      layout_rooms, minmay_temple_entry_overgrown, item_on_display_a

Skill      XL: |  1  2  3  4  5  6  7  8 |
---------------+-------------------------+-----
Earth Magic    | 4 5 6 7 8 |  8.4
Spellcasting   | 3 4 5 6 |  6.1
Conjurations   | 1 3 4 5 |  5.7
Dodging        | |  1.5
Stealth        | |  2.1
Transmutations | |  0.7

Action                   |  1- 3 |  4- 6 |  7- 9 || total
-------------------------+-------+-------+-------++-------
Melee: Dagger            |    22 |       |       ||    22
       Flail             |       |     2 |       ||     2
       Unarmed           |       |       |     2 ||     2
 Cast: Sandblast         |    52 |    83 |    93 ||   228
  Use: Potion            |       |     1 |     2 ||     3
       Scroll            |       |     2 |     1 ||     3
Armor: Robe              |    13 |       |       ||    13
       Leather armour    |     5 |     4 |       ||     9
       Scale mail        |       |    22 |    23 ||    45
       Skin              |       |       |     3 ||     3
Dodge: Dodged            |    39 |    17 |    20 ||    76
